 Dungeon Crawl Stone Soup version 0.29-a0-43-g62a80824bf (webtiles) character file.

Game seed: 3500796304378805152

4 Hubjo the Grasshopper (level 1, 0/16 HPs)
             Began as a Vampire Warper on Feb 2, 2022.
             Constricted to death by a ball python (1 damage)
             ... on level 1 of the Dungeon.
             The game lasted 00:00:19 (148 turns).

Hubjo the Grasshopper (Vampire Warper)               Turns: 148, Time: 00:00:20

Health: 0/16       AC:  3    Str: 10    XL:     1   Next: 50%
Magic:  3/3        EV:  8    Int: 15    God:
Gold:   0          SH:  0    Dex: 13    Spells: 4/4 levels left

rFire   . . .      SeeInvis +   a - +0 short sword
rCold   . . .      Faith    .   (no shield)
rNeg    . . .      Spirit   .   b - +0 leather armour
rPois   .          Reflect  .   (no helmet)
rElec   .          Harm     .   (no cloak)
rCorr   .          Rampage  .   (no gloves)
Will    .....                   (no boots)
Stlth   +.........              (no amulet)
HPRegen 0.25/turn               (no ring)
MPRegen 0.08/turn               (no ring)

@: healing quickly, constricted
A: alive, fangs 3, see invisible, vampiric 1
a: Exsanguinate


You were on level 1 of the Dungeon.
You visited 1 branch of the dungeon, and saw 1 of its levels.

Inventory:

Hand Weapons
 a - a +0 short sword (weapon)
Missiles
 d - 5 boomerangs of dispersal (quivered)
Armour
 b - a +0 leather armour (worn)
Scrolls
 c - a scroll of blinking
Potions
 e - a potion of cancellation {unknown}
 f - a potion of mutation {unknown}


   Skills:
 + Level 1.7 Fighting
 + Level 2.1 Short Blades
 + Level 0.7 Throwing
 + Level 0.7 Armour
 + Level 2.1 Dodging
 + Level 2.0 Spellcasting
 + Level 2.7 Translocations


You had 4 spell levels left.
You didn't know any spells.
Your spell library contained the following spells:

 Spells                   Type           Power      Damage    Failure   Level
 Blink                    Tloc           18%        N/A       16%         2
 Gell's Gravitas          Tloc           9%         N/A       30%         3
 Lesser Beckoning         Tloc           9%         N/A       30%         3
 Teleport Other           Tloc           9%         N/A       30%         3
 Manifold Assault         Tloc           9%         N/A       95%         5


Dungeon Overview and Level Annotations

Branches:
Dungeon (1/15)

Altars:


Innate Abilities, Weirdness & Mutations

Your natural rate of healing is accelerated.
You have razor-sharp teeth.
You have supernaturally acute eyesight. (SInv)
You are afflicted with vampirism.


Message History

The rat closely misses you.
The ball python bites you but does no damage.
The ball python constricts you.
You hit the ball python but do no damage.
The rat closely misses you.
The ball python bites you but does no damage.
The ball python constricts you.
You closely miss the ball python.
The ball python bites you but does no damage.
The ball python constricts you. The rat barely misses you.
The hobgoblin closely misses you.
You completely miss the ball python.
The ball python bites you but does no damage.
The ball python constricts you. The rat barely misses you.
The hobgoblin barely misses you. The ball python bites you.
The ball python constricts you.
You closely miss the ball python. The rat closely misses you.
The hobgoblin hits you. The ball python bites you.
The ball python constricts you.
You barely miss the ball python. The rat completely misses you.
The hobgoblin barely misses you. The ball python closely misses you.
The ball python constricts you.
You barely miss the ball python.
The rat twitches its whiskers.
The rat barely misses you.
The ball python bites you but does no damage.
The ball python constricts you. The hobgoblin barely misses you.
You barely miss the ball python. The ball python bites you.
The ball python constricts you. The rat closely misses you.
The hobgoblin hits you.
You barely miss the ball python.
The ball python bites you but does no damage.
The ball python constricts you. The rat bites you.
* * * LOW HITPOINT WARNING * * *
The hobgoblin hits you.
* * * LOW HITPOINT WARNING * * *
The ball python bites you.
* * * LOW HITPOINT WARNING * * *
The ball python constricts you.
You die...

######### ......).#
.. #######.# .#
#..# .# ######.†#
.#
........#########.#
######..........#.#
#.########.#.# ...
.......S@.# #.#.
#######.rg# #.#.
#...# # #. #.... ..
#..... #. .......
?#...... ###..##.##


You could see a hobgoblin, a ball python and a rat.

Vanquished Creatures
  A bat (D:1)
  A hobgoblin (D:1)
  A quokka (D:1)
3 creatures vanquished.

Notes
Turn   | Place    | Note
-------+----------+-------------------------------------------
     0 | D:1      | Hubjo the Vampire Warper began the quest for the Orb.
     0 | D:1      | Reached XP level 1. HP: 16/16 MP: 3/3
   148 | D:1      | Constricted to death by a ball python

Illustrated notes

Levels and vault maps discovered:
D:1:      psy_arrival_basics, layout_basic,
          hellmonk_ecumenical_altar_watching_god, serial_shops, shop_fountains,
          shop, nicolae_shop_temple_entry_statues_fountains

Action                   || total
-------------------------++-------
Melee: Short sword       ||    22
       Punch             ||     1
       Bite              ||     1
Armor: Leather armour    ||     9
Dodge: Dodged            ||    18

Table legend: (Time is in decaauts)
 A = Elapsed time spent in this place.
 B = Non-inter-level travel time spent in this place.
 C = Inter-level travel time spent in this place.
 D = Time resting spent in this place.
 E = Time spent auto-exploring this place.
 F = Levels seen in this place.
 G = Mean time per level.
                   A        B        C        D        E       F      G
               +--------+--------+--------+--------+--------+-----+--------+
         Total |    147 |    141 |      6 |      0 |    105 |   1 |  147.0 |
       Dungeon |    147 |    141 |      6 |      0 |    105 |   1 |  147.0 |
               +--------+--------+--------+--------+--------+-----+--------+

Top non-repeatable levels by time:
     D:1: 147 daAuts
